 Dungeon Crawl Stone Soup version 0.21-a0-578-gc6e9d75 (webtiles) character file.

653 M4edhros the Insei (level 7, -7/42 HPs)
             Began as an Octopode Necromancer on Dec 18, 2017.
             Mangled by an ogre
             ... wielding a +0 giant club
              (25 damage)
             ... on level 5 of the Dungeon.
             The game lasted 00:10:57 (1575 turns).

M4edhros the Insei (Octopode Necromancer)           Turns: 1575, Time: 00:11:02

Health: -7/42      AC:  1    Str:  7    XL:     7   Next: 54%
Magic:  10/10      EV: 13    Int: 18    God:
Gold:   194        SH:  0    Dex: 14    Spells: 5/10 levels left

rFire    . . .     SeeInvis .     - Unarmed
rCold    . . .     Gourm    .   (no shield)
rNeg     . . .     Faith    .   (helmet restricted)
rPois    +         Spirit   .   (no amulet)
rElec    .         Reflect  .   j - ring of poison resistance
rCorr    .         Harm     .   (no ring)
MR       .....                  (no ring)
Stlth    +++.......             (no ring)
HPRegen  0.14/turn              (no ring)
MPRegen  0.12/turn              (no ring)
                                (no ring)
                                (no ring)

@: no status effects
A: almost no armour, stealthy swim, amphibious, 8 rings, constrict 8, camouflage
1, gelatinous body 1
a: no special abilities


You were on level 5 of the Dungeon.
You were very hungry.

You visited 1 branch of the dungeon, and saw 5 of its levels.

You collected 194 gold pieces.

Inventory:

Hand Weapons
 m - a +1 quarterstaff of speed
Missiles
 h - 6 tomahawks of dispersal (quivered)
 i - 6 javelins of returning
Jewellery
 j - a ring of poison resistance (left tentacle)
Wands
 p - a wand of iceblast (7)
Scrolls
 c - a scroll of teleportation {unknown}
 e - 7 scrolls of identify {unknown}
 k - 2 scrolls of blinking {unknown}
 l - a scroll of noise {unknown}
Potions
 f - a potion of lignification
 g - 2 potions of flight
 n - 2 potions of cancellation {unknown}
 o - a potion of haste
Books
 a - a book of Necromancy

   Spells                             Type                      Level
   a - Pain                           Necromancy                   1
   b - Animate Skeleton               Necromancy                   1
   c - Vampiric Draining              Necromancy                   3
   d - Regeneration                   Charms/Necromancy            3
   e - Animate Dead                   Necromancy                   4
   f - Control Undead                 Necromancy                   4
Comestibles
 b - 8 rations
 d - a chunk of flesh


   Skills:
 + Level 0.3 Fighting
 + Level 2.1 Dodging
 + Level 2.9 Stealth
 + Level 7.7 Unarmed Combat
 - Level 2.0 Spellcasting
 + Level 0.3 Charms
 - Level 4.0 Necromancy


You had 5 spell levels left.
You knew the following spells:

 Your Spells              Type           Power        Failure   Level  Hunger
a - Pain                  Necr           ###.         3%          1    #......
b - Animate Skeleton      Necr           N/A          3%          1    #......
c - Regeneration          Chrm/Necr      #.........   22%         3    ###....


Dungeon Overview and Level Annotations

Branches:
Dungeon (5/15)
 Temple: D:4-7

Altars:
Elyvilon
Kikubaaqudgha
Okawaru
Trog


Innate Abilities, Weirdness & Mutations

You cannot wear most types of armour.
You are very stealthy in the water. (Stealth+)
You are amphibious.
You can wear up to eight rings at the same time.
You can use your tentacles to constrict eight enemies at once.
Your skin changes colour to match your surroundings (Stealth+).
Your rubbery body absorbs attacks. (AC +1, EV +1)


Message History

You tentacle-slap the orc wizard.
You kill the orc wizard!
The orc misses you. The orc hits you with a club!
Something hits you but does no damage.
A phantom comes into view.
An ogre comes into view.
It is wielding a giant club. 2 orcs and an orc wizard come into view.
Found a scroll labeled YCOON KOIPAUBU.
Okay, then.
The ogre shouts!
The phantom closely misses you.
The orc wizard shouts!
You are feeling very hungry.
The orc shouts!
You hear a shout!
The phantom hits you!
The phantom blinks!
The orc wizard points at you and mumbles some strange words.
The magic dart hits you! The ogre hits you with a giant club!!
Ouch! That really hurt!
You die...

#.# #.####..## #o#
#.##.....# ## #.#
#.#...# .. #.##.#
#....###.. #.#.#
#......... # ###..#
#..#.).).#
#.#.##.##.#####.##.._..#
/......§oo.o.....#.).).#
#....@o.####..........
#.......O?# #.....###..
####.W...## ##.....# ..
##...## ##....)..# ##.##
##.....## ## #######


You could see a phantom, an ogre, an orc wizard and 3 orcs.

Vanquished Creatures
  Eustachio (D:4)
  The ghost of M4edhros the Insei, an amateur OpNe of Cheibriados (D:3)
  An ogre (D:3)
  A scorpion (D:4)
  A howler monkey (D:4)
  An orc priest (D:4)
  An orc wizard (D:5)
  Jessica (D:2)
  2 iguanas
  A worker ant (D:4)
  An adder (D:3)
  3 oozes (D:2)
  2 worms
  2 leopard geckos (D:2)
  9 orcs (D:4)
  4 bats
  2 hobgoblins
  3 quokkas
  2 frilled lizards (D:1)
  5 kobolds
  A leopard gecko skeleton (D:4)
  A quokka skeleton (D:4)
  5 rats
51 creatures vanquished.

Vanquished Creatures (collateral kills)
  A hobgoblin (D:2)
  A bat (D:2)
  A frilled lizard (D:1)
  A rat (D:2)
4 creatures vanquished.

Grand Total: 55 creatures vanquished

Notes
Turn   | Place    | Note
-------+----------+-------------------------------------------
     0 | D:1      | M4edhros the Octopode Necromancer began the quest for the Orb.
     0 | D:1      | Reached XP level 1. HP: 11/11 MP: 3/3
   120 | D:2      | Learned a level 1 spell: Animate Skeleton
   141 | D:2      | Reached skill level 1 in Unarmed Combat
   157 | D:2      | Reached XP level 2. HP: 10/17 MP: 5/5
   244 | D:2      | Reached skill level 2 in Unarmed Combat
   559 | D:2      | Reached XP level 3. HP: 19/21 MP: 6/6
   564 | D:2      | Learned a level 3 spell: Regeneration
   587 | D:2      | Noticed Jessica
   597 | D:2      | Killed Jessica
   597 | D:2      | Reached skill level 3 in Unarmed Combat
   652 | D:2      | Reached XP level 4. HP: 15/27 MP: 3/7
   832 | D:3      | Found a bloodstained altar of Trog.
   907 | D:3      | Noticed M4edhros's ghost (amateur OpNe)
   916 | D:3      | HP: 1/27 [M4edhros's ghost/nerve-wracking pain (12)]
   921 | D:3      | Killed M4edhros's ghost
   921 | D:3      | Reached skill level 5 in Unarmed Combat
   921 | D:3      | Reached XP level 5. HP: 1/31 MP: 4/8
   973 | D:3      | Noticed an ogre
   984 | D:3      | Found an ancient bone altar of Kikubaaqudgha.
   986 | D:3      | Found a white marble altar of Elyvilon.
  1016 | D:3      | Killed an ogre
  1016 | D:3      | Reached XP level 6. HP: 29/36 MP: 7/9
  1155 | D:4      | Reached skill level 6 in Unarmed Combat
  1239 | D:4      | Noticed Eustachio
  1276 | D:4      | Killed Eustachio
  1276 | D:4      | Reached skill level 7 in Unarmed Combat
  1276 | D:4      | Reached XP level 7. HP: 16/41 MP: 7/10
  1380 | D:5      | Entered Level 5 of the Dungeon
  1550 | D:5      | Found an iron altar of Okawaru.
  1575 | D:5      | Mangled by an ogre

Vault maps used:
D:1:      tarquinn_simple_flora_water_e, minmay_misc_feat_room,
          wad_floor_pattern_2
D:2:      glass_columns_b, uniq_terence, uniq_jessica
D:3:      minitemple, lightli_temple_of_fire
D:4:      serial_shops, shop, first_ration, amethyst_killhole, minmay_mini_jars,
          uniq_eustachio
D:5:      okawaru_ov_weapons_minmay, mrwooster_statue_mirror, uniq_pikel

Skill      XL: |  1  2  3  4  5  6 |
---------------+-------------------+-----
Unarmed Combat | 1 2 3 5 7 |  7.7
Fighting       | |  0.3
Dodging        | |  2.1
Stealth        | |  2.9
Spellcasting   | |  2.0
Charms         | |  0.3
Necromancy     | |  4.0

Action                   |  1- 3 |  4- 6 |  7- 9 || total
-------------------------+-------+-------+-------++-------
Melee: Unarmed           |    52 |    62 |    28 ||   142
       Tentacles         |    12 |    11 |     3 ||    26
       Constrict         |    11 |    14 |     6 ||    31
       Quarterstaff      |       |    16 |       ||    16
       Punch             |       |     2 |     1 ||     3
 Cast: Animate Skeleton  |     6 |     5 |     3 ||    14
       Regeneration      |     1 |    10 |     4 ||    15
  Use: Potion            |       |     4 |       ||     4
 Stab: Sleeping          |     6 |     4 |     1 ||    11
  Eat: Chunk             |       |     3 |     1 ||     4
Armor: Skin              |     6 |       |       ||     6
Dodge: Dodged            |    31 |    24 |    14 ||    69

Table legend:
 A = Spawn XP
 B = Non-spawn XP
 C = Spawn XP percentage of total XP
 D = Spawn monster count
 E = Non-spawn monster count
 F = Spawn count percentage of total count
 G = Total turns spent on level
                    A         B        C        D         E        F      G
               +---------+---------+-------+---------+---------+-------+---------
         Total |       0 |     933 |   0.0 |       0 |      55 |   0.0 |  1575
               +---------+---------+-------+---------+---------+-------+---------
           D:1 |       0 |      10 |   0.0 |       0 |       7 |   0.0 |   343
           D:2 |       0 |      78 |   0.0 |       0 |      17 |   0.0 |   467
           D:3 |       0 |     303 |   0.0 |       0 |      11 |   0.0 |   332
           D:4 |       0 |     463 |   0.0 |       0 |      18 |   0.0 |   238
           D:5 |       0 |      79 |   0.0 |       0 |       2 |   0.0 |   195
               +---------+---------+-------+---------+---------+-------+---------
